 Dungeon Crawl Stone Soup version 0.20.1-1-g8b1a95d (webtiles) character file.

17 karf the Sneak (level 2, -1/13 HPs)
             Began as a Spriggan Enchanter on Oct 28, 2017.
             Slain by a hobgoblin
             ... wielding a +0 club
              (6 damage)
             ... on level 1 of the Dungeon.
             The game lasted 00:02:31 (1055 turns).

karf the Sneak (Spriggan Enchanter)                 Turns: 1055, Time: 00:02:31

Health: -1/13      AC:  2    Str:  4    XL:     2   Next: 44%
Magic:  7/7        EV: 18    Int: 16    God:
Gold:   66         SH:  0    Dex: 16    Spells: 6/7 levels left

rFire    . . .     SeeInvis +   a - +1 dagger
rCold    . . .     Gourm    .   (shield restricted)
rNeg     . . .     Faith    .   b - +0 robe
rPois    .         Spirit   .   (helmet restricted)
rElec    .         Reflect  .   (no cloak)
rCorr    .         Harm     .   (gloves unavailable)
MR       .....                  (boots unavailable)
Stlth    +++.......             (no amulet)
Regen    0.1/turn               (no ring)
MPRegen  0.1/turn               (no ring)

@: very quick
A: unfitting armour, see invisible, herbivore 3, speed 3, slow metabolism 2
a: no special abilities


You were on level 1 of the Dungeon.
You were not hungry.

You visited 1 branch of the dungeon, and saw 1 of its levels.

You collected 66 gold pieces.

Inventory:

Hand Weapons
 a - a +1 dagger (weapon)
Armour
 b - a +0 robe (worn)
Scrolls
 f - a scroll of remove curse {unknown}
 g - a scroll of magic mapping {unknown}
 h - 2 scrolls of noise {unknown}
 j - a scroll of amnesia {unknown}
Potions
 e - a potion of curing
 i - a potion of haste {unknown}
Books
 c - a book of Maledictions

   Spells                             Type                      Level
   a - Corona                         Hexes                        1
   b - Ensorcelled Hibernation        Hexes/Ice                    2
   c - Confuse                        Hexes                        3
   d - Tukima's Dance                 Hexes                        3
   e - Dazzling Spray                 Conjuration/Hexes            3
Comestibles
 d - a bread ration


   Skills:
 * Level 1.5 Short Blades
 + Level 3.2 Dodging
 + Level 4.6 Stealth
 - Level 3.0 Spellcasting
 + Level 3.9 Hexes


You had 6 spell levels left.
You knew the following spells:

 Your Spells              Type           Power        Failure   Level  Hunger
a - Corona                Hex            ###....      3%          1    #......


Dungeon Overview and Level Annotations

Branches:
Dungeon (1/15)

Altars:


Innate Abilities, Weirdness & Mutations

You are very small and have problems with some larger weapons.
You are too small for most types of armour.
You have supernaturally acute eyesight. (SInv)
You are a herbivore.
You cover ground extremely quickly.
You need consume almost no food.


Message History

You barely miss the hobgoblin. The hobgoblin misses you.
You hit the hobgoblin.
The hobgoblin is severely wounded.
The hobgoblin closely misses you.
The goblin hits you with a dagger of protection.
You closely miss the hobgoblin.
The hobgoblin is severely wounded.
The hobgoblin drinks a potion.
The hobgoblin is healed!
The goblin completely misses you.
You hit the goblin.
The goblin is moderately wounded.
The hobgoblin misses you. The goblin misses you.
You hit the goblin but do no damage.
The goblin is moderately wounded.
The hobgoblin misses you.
The goblin hits you with a dagger of protection.
You closely miss the goblin.
The goblin is moderately wounded.
The hobgoblin hits you with a club.
You die...

.## #g...........%# .#.%. ..#
#g#####.......#.# .#..# ..#
#.### #.....#.#. ....#.
#.####...###..#.#...## #..#..
#...J................# #..#.#
######.#.###..#.#...## #..#.#
#...>....#.##.######..#.#
###.###....gg.###.......# .#
#....@..........g.# #####
#.###.#...#####.......# # ....#
#.....................##.#
###.#
#######............g.....#
#.####.## #..######......(####
#.......# #..# #.......####
######.#####..#########.##..g.#
#.............. ... ####.#
#.#####.##.######## #.#


You could see a hobgoblin and a goblin.

Vanquished Creatures
  An ooze (D:1)
  4 bats (D:1)
  A giant cockroach (D:1)
  2 goblins (D:1)
  2 hobgoblins (D:1)
  2 frilled lizards (D:1)
  A rat (D:1)
13 creatures vanquished.

Notes
Turn   | Place    | Note
-------+----------+-------------------------------------------
     0 | D:1      | karf the Spriggan Enchanter began the quest for the Orb.
     0 | D:1      | Reached XP level 1. HP: 9/9 MP: 5/5
   334 | D:1      | Reached XP level 2. HP: 5/13 MP: 6/6
  1055 | D:1      | Slain by a hobgoblin

Skill      XL: |  1  2 |
---------------+-------+-----
Spellcasting   | 3 |  3.0
Short Blades   | |  1.5
Dodging        | |  3.2
Stealth        | |  4.6
Hexes          | |  3.9

Action                   || total
-------------------------++-------
Melee: Dagger            ||    98
 Stab: Sleeping          ||     5
Armor: Robe              ||     9
Dodge: Dodged            ||    78
